 Dungeon Crawl Stone Soup version 0.29-a0-330-g52719c12eb (webtiles) character file.

Game seed: 3391819094301581124

1704 gruber the Destroyer (level 8, -2/41 HPs)
             Began as a Deep Elf Conjurer on May 1, 2022.
             Was a High Priest of Jiyva.
             Slain by Edmund
             ... wielding a +5 flail of protection
              (7 damage)
             ... on level 6 of the Dungeon on May 2, 2022.
             The game lasted 00:08:52 (3573 turns).

gruber the Destroyer (Deep Elf Conjurer)            Turns: 3573, Time: 00:08:53

Health: -2/41      AC:  2    Str: 14    XL:     8   Next: 73%
Magic:  18/24      EV: 12    Int: 26    God:    Jiyva [*****.]
Gold:   107        SH:  0    Dex: 13    Spells: 15/23 levels left

rFire   . . .      SeeInvis +   c - +1 short sword (venom)
rCold   . . .      Faith    .   (no shield)
rNeg    . . .      Spirit   .   a - +0 robe
rPois   .          Reflect  .   (no helmet)
rElec   .          Harm     .   (no cloak)
rCorr   +          Rampage  .   (no gloves)
Will    .....                   (no boots)
Stlth   ++........              (no amulet)
HPRegen 3.17/turn               h - +6 ring of strength
MPRegen 0.64/turn               (no ring)

@: no status effects
A: see invisible, high MP 1, regeneration 2, strong 2
a: Renounce Religion, Oozemancy, Slimify


You were on level 6 of the Dungeon.
You worshipped Jiyva.
Jiyva was extremely pleased with you.
You visited 1 branch of the dungeon, and saw 6 of its levels.
You also visited: Ossuary.

You collected 107 gold pieces.

Inventory:

Hand Weapons
 c - a +1 short sword of venom (weapon)
Armour
 a - a +0 robe (worn)
 s - a +1 ring mail of fire resistance
Jewellery
 h - a +6 ring of strength (left hand)
Wands
 j - a wand of mindburst (10)
Scrolls
 d - 2 scrolls of identify {unknown}
 g - a scroll of magic mapping {unknown}
 i - 2 scrolls of teleportation {unknown}
Potions
 b - 3 potions of magic
 e - a potion of might {unknown}
 f - 3 potions of curing {unknown}
 k - 3 potions of cancellation {unknown}
 l - 4 potions of heal wounds {unknown}
 m - a potion of ambrosia {unknown}
 n - a potion of brilliance {unknown}
 o - a potion of degeneration {unknown}
 p - a potion of resistance {unknown}
 q - a potion of attraction {unknown}
 r - 2 potions of lignification {unknown}


   Skills:
 - Level 2.0 Short Blades
 - Level 0.3(0.8) Axes
 - Level 0.4(0.6) Maces & Flails
 - Level 0.5(0.8) Polearms
 - Level 0.5(1.0) Staves
 - Level 0.4(0.6) Slings
 - Level 1.0 Bows
 - Level 0.4 Crossbows
 - Level 0.8(1.0) Throwing
 - Level 2.4 Dodging
 - Level 2.4 Stealth
 - Level 0.3 Shields
 * Level 8.0 Spellcasting
 - Level 10.0 Conjurations
 - Level 0.8 Hexes
 - Level 0.5 Summonings
 - Level 0.8 Necromancy
 - Level 0.9 Translocations
 - Level 0.5 Transmutations
 - Level 0.5 Fire Magic
 - Level 0.5 Ice Magic
 - Level 0.5 Air Magic
 - Level 0.8 Earth Magic
 - Level 0.5 Poison Magic
 - Level 0.5 Invocations


You had 15 spell levels left.
You knew the following spells:

 Your Spells              Type           Power      Damage    Failure   Level
a - Magic Dart            Conj           100%       1d8       1%          1
b - Searing Ray           Conj           100%       2d8       1%          2
c - Freezing Cloud        Conj/Ice/Air   14%        6-21      34%         5

Your spell library contained the following spells:

 Spells                   Type           Power      Damage    Failure   Level
 Dazzling Flash           Conj/Hex       76%        N/A       1%          3
 Fulminant Prism          Conj/Hex       19%        3d11      6%          4
 Iskenderun's Mystic Bla  Conj/Tloc      39%        2d9       6%          4
 Haunt                    Necr/Summ      7%         N/A       100%        7
 Infestation              Necr           7%         N/A       100%        8


Dungeon Overview and Level Annotations

Branches:
Dungeon (6/15)             Temple (0/1) D:6         Ossuary (visited)

Altars:
Jiyva

Annotations:
D:6 Edmund


Innate Abilities, Weirdness & Mutations

You have supernaturally acute eyesight. (SInv)
You have an increased reservoir of magic. (+10% MP)
You heal very quickly.
Your muscles are very strong. (Str +4)


Message History

Edmund asks, "Have you met my wondrous brother?"
Edmund is nearby!
Edmund is nearby!
Edmund is nearby!
The magic dart hits Edmund.
Edmund is moderately wounded.
The magic dart hits Edmund.
Edmund is moderately wounded.
Casting: Magic Dart (safe; 1% risk of failure)
Confirm with . or Enter, or press ? or * to list all spells.
The spell is extremely dangerous to miscast (34% risk of failure)!
Continue anyway?
Aiming: Freezing Cloud (extremely dangerous; 34% risk of failure)
Press: ? - help, Dir - move target, p - Edmund Edmund is engulfed in freezing vapours.
Edmund gestures with his flail.
Edmund attacks as you move away!
Edmund hits you with a +5 flail of protection.
Edmund attacks as you move away!
Edmund hits you with a +5 flail of protection.
Edmund attacks as you move away!
Edmund hits you with a +5 flail of protection.
Edmund attacks as you move away!
Edmund hits you with a +5 flail of protection!
Casting: Freezing Cloud (extremely dangerous; 34% risk of failure)
Confirm with . or Enter, or press ? or * to list all spells.
The spell is extremely dangerous to miscast (34% risk of failure)!
Continue anyway?
Aiming: Freezing Cloud (extremely dangerous; 34% risk of failure)
Press: ? - help, Dir - move target That beam is likely to hit you.
Continue anyway?
You are engulfed in freezing vapours.
Ouch! That really hurt!
* * * LOW HITPOINT WARNING * * *
Edmund is engulfed in freezing vapours.
Edmund hits you with a +5 flail of protection!
* * * LOW HITPOINT WARNING * * *
Unknown command.
Unknown command.
Edmund attacks as you move away!
Edmund hits you with a +5 flail of protection!
You die...

## ### ###.####.#####
...........#..##
#........#.§§§.##
.##........#.§§@@.#
..........#§##○...#
.......#....###...##
..##.......###....#
.............#.####
..........#..#.##
........###.....#####
........#......###..#
....................#


You could see Edmund.

Vanquished Creatures
  Pikel (D:4)
  2 sky beasts
  2 black bears
  An ogre (D:5)
  A phantom (D:5)
  A necrophage (D:5)
  5 water moccasin zombies (Ossuary)
  A human zombie (D:4)
  A hound (D:6)
  An orc priest (D:3)
  A gnoll shaman (D:5)
  2 iguanas
  An orc wizard (D:4)
  2 mummies (Ossuary)
  3 gnolls (D:5)
  An adder (D:2)
  A shadow imp (D:3)
  2 ufetubi (D:5)
  An adder zombie (Ossuary)
  A dart slug (D:3)
  A worm (D:2)
  21 orcs
  5 ball pythons
  2 bats (D:2)
  A giant cockroach (D:1)
  6 hobgoblins
  2 jackals (D:3)
  3 kobolds
  2 quokkas
  A frilled lizard (D:3)
  4 gnoll zombies (Ossuary)
  3 goblins
  6 hobgoblin zombies (Ossuary)
  5 kobold zombies (Ossuary)
  9 orc zombies (Ossuary)
  3 rats
105 creatures vanquished.

Vanquished Creatures (others)
  An ogre (D:5)
  A bullfrog (D:6)
  3 jellies
  A hound (D:6)
  2 adders
  An ufetubus (D:5)
  A worm (D:3)
  A dart slug (D:4)
  3 orcs
  4 endoplasms
  A giant cockroach (D:4)
  2 hobgoblins
  2 kobolds
  2 quokkas
  A ball python (D:1)
  A bat (D:3)
27 creatures vanquished.

Grand Total: 132 creatures vanquished

Notes
Turn   | Place    | Note
-------+----------+-------------------------------------------
     0 | D:1      | gruber the Deep Elf Conjurer began the quest for the Orb.
     0 | D:1      | Reached XP level 1. HP: 10/10 MP: 6/6
   193 | D:1      | Found a faded altar of an unknown god.
   209 | D:1      | Prayed at the altar of an unknown god.
   209 | D:1      | Became a worshipper of Jiyva Juggaumi the Shapeless
   209 | D:1      | Reached * piety under Jiyva
   322 | D:1      | Reached XP level 2. HP: 15/15 MP: 5/8
   661 | D:1      | Reached ** piety under Jiyva
   813 | D:2      | Reached skill level 5 in Conjurations
   982 | D:2      | Reached skill level 1 in Short Blades
  1202 | D:2      | Reached XP level 3. HP: 18/19 MP: 9/9
  1256 | D:2      | Reached *** piety under Jiyva
  1280 | D:2      | Got the Papyrus of Sinister Secrets and the Snowflakes
  1534 | D:3      | Gained mutation: You have an increased reservoir of magic.
                  | (+10% MP) [Jiyva's grace]
  1534 | D:3      | Gained mutation: You have a considerably increased
                  | reservoir of magic. (+20% MP) [Jiyva's grace]
  1534 | D:3      | Gained mutation: You have a greatly increased reservoir of
                  | magic. (+30% MP) [Jiyva's grace]
  1534 | D:3      | Gained mutation: You have supernaturally acute eyesight.
                  | (SInv) [Jiyva's grace]
  1615 | D:3      | Reached XP level 4. HP: 24/24 MP: 9/15
  1885 | D:3      | Reached **** piety under Jiyva
  2012 | D:4      | Noticed Pikel
  2012 | D:4      | Noticed a lemure
  2013 | D:4      | Noticed a lemure
  2033 | D:3      | Learned a level 2 spell: Searing Ray
  2073 | D:4      | Noticed a black bear
  2079 | D:4      | Killed a black bear
  2080 | D:4      | Reached XP level 5. HP: 19/28 MP: 11/19
  2102 | D:4      | Noticed a lemure
  2105 | D:4      | Noticed a lemure
  2111 | D:4      | Killed Pikel
  2112 | D:4      | Reached skill level 8 in Conjurations
  2112 | D:4      | Reached XP level 6. HP: 14/32 MP: 13/21
  2112 | D:4      | Reached XP level 7. HP: 16/36 MP: 14/23
  2134 | D:4      | Found a sand-covered staircase.
  2150 | Ossuary  | Entered an ossuary
  2246 | Ossuary  | Reached skill level 9 in Conjurations
  2323 | Ossuary  | Reached XP level 8. HP: 41/41 MP: 19/24
  2329 | Ossuary  | Learned a level 5 spell: Freezing Cloud
  2771 | D:5      | Entered Level 5 of the Dungeon
  2771 | D:5      | Reached ***** piety under Jiyva
  2779 | D:5      | Reached skill level 10 in Conjurations
  3084 | D:5      | Reached skill level 1 in Bows
  3466 | D:6      | Lost mutation: You have a greatly increased reservoir of
                  | magic. (+30% MP) [Jiyva's grace]
  3466 | D:6      | Lost mutation: You have a considerably increased reservoir
                  | of magic. (+20% MP) [Jiyva's grace]
  3466 | D:6      | Gained mutation: Your muscles are strong. (Str +2) [Jiyva's
                  | grace]
  3466 | D:6      | Gained mutation: Your muscles are very strong. (Str +4)
                  | [Jiyva's grace]
  3466 | D:6      | Gained mutation: Your natural rate of healing is unusually
                  | fast. [Jiyva's grace]
  3466 | D:6      | Gained mutation: You heal very quickly. [Jiyva's grace]
  3469 | D:6      | Found a staircase to the Ecumenical Temple.
  3561 | D:6      | Noticed Edmund
  3573 | D:6      | Slain by Edmund

Illustrated notes

Levels and vault maps discovered:
D:1:      dpeg_arrival_snail, layout_loops_corners,
          hellmonk_ecumenical_altar_pennies_from_heaven
D:2:      layout_basic
D:3:      layout_basic, ebering_dispersal_statue_hall
D:4:      layout_rooms, enter_ossuary_3, uniq_pikel
D:5:      layout_loops_ring
D:6:      layout_cave_pools, marbit_many_paths, minmay_temple_entry_offerings,
          grunt_ministairs_3, uniq_edmund

Skill      XL: |  1  2  3  4  5  6  7  8 |
---------------+-------------------------+-----
Conjurations   | 5 8 9 10 | 10.0
Short Blades   | 1 2 |  2.0
Spellcasting   | 4 6 8 |  8.0
Bows           | 1 |  1.0
Axes           | |  0.3
Maces & Flails | |  0.4
Polearms       | |  0.5
Staves         | |  0.5
Slings         | |  0.4
Crossbows      | |  0.4
Throwing       | |  0.8
Dodging        | |  2.4
Stealth        | |  2.4
Shields        | |  0.3
Hexes          | |  0.8
Summonings     | |  0.5
Necromancy     | |  0.8
Translocations | |  0.9
Transmutations | |  0.5
Fire Magic     | |  0.5
Ice Magic      | |  0.5
Air Magic      | |  0.5
Earth Magic    | |  0.8
Poison Magic   | |  0.5
Invocations    | |  0.5

Action                   |  1- 3 |  4- 6 |  7- 9 || total
-------------------------+-------+-------+-------++-------
Melee: Short sword       |    24 |     6 |     6 ||    36
       Punch             |       |       |     1 ||     1
 Cast: Magic Dart        |    38 |    25 |    53 ||   116
       Searing Ray       |       |     5 |    33 ||    38
       Freezing Cloud    |       |       |     2 ||     2
 Stab: Sleeping          |     2 |       |       ||     2
Armor: Robe              |     4 |       |     3 ||     7
Dodge: Dodged            |    20 |     9 |    29 ||    58

Table legend: (Time is in decaauts)
 A = Elapsed time spent in this place.
 B = Non-inter-level travel time spent in this place.
 C = Inter-level travel time spent in this place.
 D = Time resting spent in this place.
 E = Time spent auto-exploring this place.
 F = Levels seen in this place.
 G = Mean time per level.
                   A        B        C        D        E       F      G
               +--------+--------+--------+--------+--------+-----+--------+
         Total |   3574 |   3448 |    126 |      0 |   2876 |   7 |  510.6 |
       Dungeon |   3358 |   3232 |    126 |      0 |   2740 |   6 |  559.7 |
       Ossuary |    215 |    215 |      0 |      0 |    136 |   1 |  215.0 |
               +--------+--------+--------+--------+--------+-----+--------+

Top non-repeatable levels by time:
     D:1: 800 daAuts
     D:5: 684 daAuts
     D:2: 655 daAuts
     D:3: 561 daAuts
     D:4: 539 daAuts
 Ossuary: 215 daAuts
     D:6: 116 daAuts
